 Dungeon Crawl Stone Soup version 0.23.0-33-g5e6c059 (webtiles) character file.

Game seed: 0

21973 Mgcat the Summoner (level 12, -4/76 HPs)
             Began as a Gargoyle Summoner on Feb 25, 2019.
             Was the Champion of Okawaru.
             Splashed by an oklob plant's acid (10 damage)
             ... on level 4 of the Lair of Beasts on Feb 26, 2019.
             The game lasted 00:58:01 (16644 turns).

Mgcat the Summoner (Gargoyle Summoner)             Turns: 16644, Time: 00:58:02

Health: -4/76      AC: 16    Str: 16    XL:     12   Next: 95%
Magic:  32/32      EV: 17    Int: 17    God:    Okawaru [******]
Gold:   91         SH:  0    Dex: 10    Spells: 15/25 levels left

rFire    . . .     SeeInvis +   E - +6 glaive (vamp) {!w}
rCold    . . .     Gourm    .   (shield currently unavailable)
rNeg     + . .     Faith    .   B - +2 robe {Archmagi}
rPois    ∞         Spirit   .   F - +0 mask of the Dragon {MR+ Slay+3 SInv}
rElec    +         Reflect  .   t - +1 cloak
rCorr    .         Harm     .   f - +2 pair of gloves
MR       +....                  z - +2 pair of boots of the Assassin {Detection Stab+ Stlth++}
Stlth    ++++......             (no amulet)
HPRegen  0.22/turn              e - ring of magical power {MP+9}
MPRegen  0.23/turn              y - +3 ring of evasion

@: corroded
A: negative energy resistance 1, electricity resistance, unbreathing,
petrification resistance, rot immunity, AC +8
a: Heroism, Finesse, Renounce Religion


You were on level 4 of the Lair of Beasts.
You worshipped Okawaru.
Okawaru was exalted by your worship.
You were not hungry.

You visited 2 branches of the dungeon, and saw 15 of its levels.

You collected 823 gold pieces.
You spent 732 gold pieces at shops.

Inventory:

Hand Weapons
 E - a +6 vampiric glaive (weapon) {!w}
   (Okawaru gifted it to you on level 1 of the Lair of Beasts)
Missiles
 i - 5 throwing nets {=f, !d}
Armour
 f - a +2 pair of gloves (worn)
   (You found it on level 1 of the Dungeon)
 t - a +1 cloak (worn)
   (You took it off Crazy Yiuf on level 3 of the Dungeon)
 z - the +2 pair of boots of the Assassin (worn) {Detection Stab+ Stlth++}
   (You acquired it on level 1 of the Lair of Beasts)

   It makes you much more stealthy.
 B - a +2 robe of the Archmagi (worn)
   (You took it off Erica on level 8 of the Dungeon)
 F - the +0 mask of the Dragon (worn) {MR+ Slay+3 SInv}
   (You bought it in a shop on level 7 of the Dungeon)

   It affects your accuracy and damage with ranged weapons and melee attacks
   (+3).
   It affects your resistance to hostile enchantments.
   It lets you see invisible.
Magical Staves
 G - an uncursed staff of conjuration {unknown}
   (You found it on level 1 of the Lair of Beasts)
Jewellery
 e - a ring of magical power (left hand) {MP+9}
   (You found it on level 1 of the Dungeon)
 s - an uncursed ring of protection from magic {MR+, !d}
   (You found it on level 1 of the Lair of Beasts)
 y - a +3 ring of evasion (right hand)
   (You bought it in a shop on level 7 of the Dungeon)
 C - an uncursed ring of see invisible {sInv, !d}
   (You found it on level 10 of the Dungeon)
Wands
 d - a wand of acid (10)
   (You found it on level 10 of the Dungeon)
 u - a wand of iceblast (29)
   (You found it on level 10 of the Dungeon)
 x - a wand of scattershot (5)
   (You took it off Pikel on level 7 of the Dungeon)
Scrolls
 a - 5 scrolls of amnesia
 m - 4 scrolls of fog
 p - 3 scrolls of magic mapping {!r}
 r - a scroll of teleportation
 A - 3 scrolls of remove curse
 D - 2 scrolls of silence
 H - a scroll of identify
 I - a scroll of brand weapon
Potions
 b - 2 potions of might
 g - a potion of resistance
 h - 7 potions of curing
 j - 7 potions of flight
 k - 3 potions of heal wounds
 l - a potion of invisibility
 n - 2 potions of berserk rage {!q}
 o - 5 potions of brilliance
 q - 2 potions of haste
 v - a potion of cancellation
 w - a potion of ambrosia
Comestibles
 c - 33 rations


   Skills:
 - Level 9.4 Fighting
 + Level 8.3 Polearms
 - Level 5.0 Dodging
 - Level 2.1 Stealth
 - Level 7.3 Spellcasting
 - Level 10.5 Summonings
 - Level 6.0 Air Magic
 - Level 7.0 Invocations


You had 15 spell levels left.
You knew the following spells:

 Your Spells              Type           Power        Failure   Level  Hunger
a - Summon Small Mammal   Summ           ####         1%          1    None
b - Call Imp              Summ           ######..     1%          2    None
c - Call Canine Familiar  Summ           ######..     1%          3    ##.....
d - Summon Lightning Spi  Summ/Air       ######..     3%          4    ####...

Your spell library contained the following spells:

 Spells                   Type           Power        Failure   Level  Hunger
 Shock                    Conj/Air       ###.         3%          1    None
 Summon Guardian Golem    Hex/Summ       #####...     3%          3    ##.....
 Swiftness                Chrm/Air       ###.....     4%          2    None
 Static Discharge         Conj/Air       ###.....     10%         3    ##.....
 Airstrike                Air            #####.....   10%         4    ####...
 Animate Skeleton         Necr           N/A          11%         1    None
 Summon Ice Beast         Ice/Summ       #####...     13%         4    ####...
 Lightning Bolt           Conj/Air       ###.......   65%         5    #####..


Dungeon Overview and Level Annotations

Branches:
Dungeon (11/15)            Temple (0/1) D:7            Lair (4/6) D:10
  Snake (0/4) Lair:3          Orc (0/2) D:9
  Swamp: Lair:2-4    Shoals: Lair:2-4

Altars:
Cheibriados
Dithmenos
Elyvilon
Fedhas
Gozag
Hepliaklqana
Kikubaaqudgha
Makhleb
Nemelex Xobeh
Okawaru
Sif Muna
Trog
Uskayaw
Vehumet
Xom
Yredelemnul

Shops:
D:6 !   D:7 [=(}!

Annotations:
D:4 2 runed translucent doors, Kairos's ghost, novice FoAK
Lair:4 exclusions: 4 oklob plants, worker ant and 2 more exclusions


Innate Abilities, Weirdness & Mutations

You are resistant to torment.
Your stone body is resilient. (AC +8)
You are immune to poison.
You resist negative energy. (rN+)
You are resistant to electric shocks. (rElec)
You can survive without breathing.
You are immune to petrification.
You are immune to rotting.


Message History

The soldier ant is severely wounded.
The soldier ant completely misses you.
You closely miss the soldier ant.
The soldier ant is severely wounded.
The soldier ant closely misses you.
Spoiler Alert: The soldier ant is fast!
You hit the soldier ant.
The soldier ant is severely wounded.
The soldier ant stings you. The soldier ant completely misses you.
You take 2 damage, and have 69/76 hp.
You slash the soldier ant!
The soldier ant is almost dead.
The soldier ant stings you.
You take 3 damage, and have 66/76 hp.
Spoiler Alert: The soldier ant is fast!
You closely miss the soldier ant.
The soldier ant is almost dead.
The soldier ant misses you.
You closely miss the soldier ant.
The soldier ant is almost dead.
The soldier ant misses you. The soldier ant barely misses you.
Spoiler Alert: The soldier ant is fast!
You slash the soldier ant!
You feel better.
You kill the soldier ant!
Okawaru accepts your kill.
No target in view!
No target in view!
Really walk into a travel-excluded area?
Okay, then.
Unknown command.
Unknown command.
Unknown command.
Evoke which item? (* to show all) (? for menu, Esc to quit)
Okay, then.
Really walk into a travel-excluded area?
Warning x2: The oklob plant (unaware) can corrode equipment at range! x2
Evoke which item? (* to show all) (? for menu, Esc to quit)
Okay, then.
Unknown command.
Unknown command.
Unknown command.
Unknown command.
Really walk into a travel-excluded area?
Danger x4: oklob plant (unaware) x4!
Lua error: [string "/dgldir/rcfiles/crawl-0.23/Mgcat.rc"]:934: invalid capture index Attack whom?
Press: ? - help, Dir - move target cursor, f - oklob plant
Aim: an oklob plant (hasn't noticed you)
You reach to attack!
You slash the oklob plant!
The oklob plant is moderately damaged.
Danger x4: oklob plant x4!
Attack whom?
Press: ? - help, Dir - move target cursor, f/p - oklob plant
Aim: an oklob plant (moderately damaged)
You reach to attack!
You slice the oklob plant!!
The oklob plant is severely damaged.
The oklob plant spits acid at you. The splash of acid misses you.
Danger x4: oklob plant x4!
Attack whom?
Press: ? - help, Dir - move target cursor, f/p - oklob plant
Aim: an oklob plant (severely damaged)
You reach to attack!
You slash the oklob plant!
The oklob plant is almost destroyed.
Attack whom?
Press: ? - help, Dir - move target cursor, f/p - oklob plant
Aim: an oklob plant (severely damaged)
You reach to attack!
You completely miss the oklob plant.
The oklob plant is severely damaged.
The oklob plant spits acid at you.
The splash of acid hits you but does no damage.
You are splashed with acid!
The oklob plant spits acid at you.
The splash of acid hits you but does no damage.
You are splashed with acid.
You take 17 damage, and have 55/76 hp.
MASSIVE DAMAGE!!
Danger x4: oklob plant x4!
Attack whom?
Press: ? - help, Dir - move target cursor, f/p - oklob plant
Aim: an oklob plant (severely damaged)
You reach to attack!
You slash the oklob plant!
The oklob plant is almost destroyed.
The oklob plant spits acid at you. The splash of acid hits you!
You are splashed with acid!
The oklob plant spits acid at you.
The splash of acid hits you but does no damage.
The acid corrodes you!
You are splashed with acid!
* * * LOW HITPOINT WARNING * * *
You take 40 damage, and have 15/76 hp.
MASSIVE DAMAGE!!
Danger x4: oklob plant x4!
Attack whom?
Press: ? - help, Dir - move target cursor, f/p - oklob plant
Aim: an oklob plant (almost destroyed)
Okay, then.
Unknown command.
The oklob plant spits acid at you. The splash of acid hits you!
* * * LOW HITPOINT WARNING * * *
The acid corrodes you!
You are splashed with acid!
You die...

..#### #........#####.#..##...#
..P..#####.........P#..#..####..#
.......#........................#
>..(............................#
.............##.................#
..................$..............
............................:....
...............).................
................@........).......
..........#.PPP.#................
..........#.P...#................
..##......#...P.#.##..#..#.#..P.†
######.####$.P.[#.#######.##.#...
### #P})..#.# #####....
#).$.[#.## ##... #######..# #...
#..# #...


You could see 4 oklob plants.

Vanquished Creatures
  A hydra (D:8)
  2 two-headed ogres (D:8)
  An unseen horror (D:11)
  Pikel (D:7)
  6 spiny frogs
  A rime drake (Lair:1)
  2 komodo dragons (Lair:2)
  A troll (D:11)
  Prince Ribbit (Lair:3)
  2 hippogriffs
  4 blink frogs (Lair:1)
  A dream sheep (D:8)
  15 yaks
  A wyvern (D:8)
  2 basilisks
  A naga (Lair:3)
  6 soldier ants (Lair:4)
  5 water moccasins
  2 ice beasts
  2 black bears
  A phantom (D:8)
  2 slaves (D:7)
  2 wolves (Lair:2)
  3 centaurs
  2 ogres
  2 big kobolds (D:8)
  2 crocodiles
  7 bullfrogs
  A wyvern skeleton (D:9)
  5 scorpions
  11 killer bees
  3 wights (D:7)
  A lava snake (D:8)
  A bullfrog zombie (D:7)
  A centaur zombie (D:7)
  2 hounds
  3 jellies
  2 bullfrog skeletons
  An orc priest (D:10)
  8 orc wizards
  4 iguanas
  5 worker ants
  A hound skeleton (D:11)
  A howler monkey zombie (D:11)
  5 adders
  5 gnolls
  2 oozes
  2 adder skeletons
  2 worms
  3 dart slugs
  4 leopard geckos
  21 orcs
  2 giant cockroaches
  4 goblins
  2 hobgoblins
  10 jackals
  5 kobolds
  5 quokkas
  3 bats
  4 frilled lizards
  7 rats
214 creatures vanquished.

Vanquished Creatures (collateral kills)
  Snorg (D:10)
  Harold (D:8)
  A catoblepas (Lair:4)
  Erica (D:8)
  A two-headed ogre (D:8)
  Nergalle (D:11)
  2 ugly things
  Psyche (D:8)
  4 spiny frogs
  2 komodo dragons
  A queen bee (D:9)
  6 blink frogs
  A hippogriff (Lair:3)
  A dream sheep (D:8)
  11 yaks
  2 hungry ghosts
  4 nagas (Lair:3)
  Duvessa (D:5)
  3 water moccasins
  2 porcupines
  An orc warrior (D:9)
  An ice beast (D:8)
  2 ogres (D:7)
  2 phantoms
  9 wolves
  2 centaurs (D:8)
  2 crocodiles
  A big kobold (D:8)
  A gnoll sergeant (D:6)
  3 bullfrogs
  Dowan (D:5)
  A wyvern skeleton (D:10)
  3 scorpions
  34 killer bees
  A crimson imp (D:10)
  Crazy Yiuf (D:3)
  3 hounds
  A jelly (D:10)
  A centaur skeleton (D:7)
  An iguana (D:8)
  6 orc wizards
  3 worker ants
  A howler monkey zombie (D:11)
  A worker ant zombie (D:11)
  A gnoll (D:7)
  6 adders
  3 worms
  A dart slug (D:1)
  2 leopard geckos
  19 orcs
  3 bats
  A giant cockroach (D:3)
  A hobgoblin (D:1)
  3 jackals (D:3)
  3 quokkas
  2 ball pythons
  2 frilled lizards
  A goblin (D:2)
  A rat (D:1)
178 creatures vanquished.

Vanquished Creatures (others)
  4 fungi
  3 plants (Lair:4)
7 creatures vanquished.

Grand Total: 399 creatures vanquished

Notes
Turn   | Place    | Note
-------+----------+-------------------------------------------
     0 | D:1      | Mgcat the Gargoyle Summoner began the quest for the Orb.
     0 | D:1      | Reached XP level 1. HP: 10/10 MP: 3/3
   365 | D:1      | Reached XP level 2. HP: 15/15 MP: 5/5
   653 | D:1      | Reached skill level 4 in Summonings
   930 | D:2      | Reached XP level 3. HP: 16/19 MP: 6/6
   968 | D:2      | Learned a level 2 spell: Call Imp
   972 | D:2      | Learned a level 3 spell: Call Canine Familiar
   986 | D:2      | Found a hazy altar of Hepliaklqana.
  1047 | D:2      | Found a blossoming altar of Fedhas.
  1429 | D:2      | Reached skill level 3 in Spellcasting
  1496 | D:2      | Found a basalt altar of Yredelemnul.
  1497 | D:2      | Found a shimmering altar of Xom.
  1498 | D:2      | Found an iron altar of Okawaru.
  1508 | D:2      | Reached XP level 4. HP: 24/24 MP: 8/8
  1517 | D:2      | Found a snail-covered altar of Cheibriados.
  1521 | D:2      | Became a worshipper of Warmaster Okawaru
  1774 | D:2      | HP: 6/24 [adder (1)]
  2015 | D:3      | Found a sparkling altar of Nemelex Xobeh.
  2194 | D:3      | Reached skill level 1 in Fighting
  2420 | D:3      | Found a runed translucent door.
  2421 | D:3      | Noticed Crazy Yiuf
  2432 | D:3      | Killed Crazy Yiuf
  2432 | D:3      | Reached XP level 5. HP: 29/29 MP: 10/10
  2717 | D:4      | Reached skill level 2 in Fighting
  2726 | D:4      | Found a large runed translucent door.
  2726 | D:4      | Found a large runed translucent door.
  2738 | D:4      | Noticed a phantom
  2748 | D:4      | Reached XP level 6. HP: 36/36 MP: 11/11
  2802 | D:4      | Killed a phantom
  2802 | D:4      | Reached skill level 4 in Spellcasting
  2802 | D:4      | Reached skill level 5 in Summonings
  2842 | D:4      | Found a shimmering altar of Xom.
  2844 | D:4      | Found a shimmering altar of Xom.
  2846 | D:4      | Found a shimmering altar of Xom.
  2846 | D:4      | Found a shimmering altar of Xom.
  2846 | D:4      | Found a shimmering altar of Xom.
  2850 | D:4      | Found a shimmering altar of Xom.
  2850 | D:4      | Found a shimmering altar of Xom.
  2851 | D:4      | Reached skill level 3 in Fighting
  2862 | D:4      | Reached * piety under Okawaru
  3013 | D:4      | Found an opulent altar of Gozag.
  3090 | D:4      | Noticed Kairos's ghost (novice FoAK)
  3151 | D:4      | Reached XP level 7. HP: 29/41 MP: 13/13
  3215 | D:4      | Learned a level 4 spell: Summon Lightning Spire
  3498 | D:5      | Entered Level 5 of the Dungeon
  3507 | D:5      | Noticed a hungry ghost
  3516 | D:5      | Killed a hungry ghost
  3712 | D:5      | Reached skill level 1 in Air Magic
  3770 | D:5      | Noticed Duvessa
  3770 | D:5      | Noticed Dowan
  3792 | D:5      | Killed Duvessa
  3792 | D:5      | Reached skill level 4 in Fighting
  3794 | D:5      | Killed Dowan
  3950 | D:5      | Found a shadowy altar of Dithmenos.
  4359 | D:6      | Reached ** piety under Okawaru
  4359 | D:6      | Reached skill level 5 in Spellcasting
  4359 | D:6      | Reached XP level 8. HP: 47/48 MP: 15/15
  4415 | D:6      | Reached skill level 6 in Summonings
  4790 | D:6      | Reached skill level 2 in Air Magic
  5006 | D:6      | Reached skill level 5 in Fighting
  5222 | D:6      | Found a hide-covered altar of Uskayaw.
  5351 | D:6      | Found Luig Zomp's Distillery.
  5395 | D:7      | Found Yrarphoad's Distillery.
  5453 | D:7      | Found a white marble altar of Elyvilon.
  5523 | D:7      | HP: 12/49 [orc/+0 whip (4)]
  5815 | D:7      | Reached skill level 3 in Air Magic
  5844 | D:7      | Found Iruhipp's Gadget Emporium.
  5869 | D:7      | Found Jemumeub's Antique Weapon Boutique.
  5880 | D:7      | Reached skill level 7 in Summonings
  5885 | D:7      | HP: 10/49 [killer bee (6)]
  5889 | D:7      | Reached *** piety under Okawaru
  5891 | D:7      | HP: 12/49 [killer bee (4)]
  5896 | D:7      | Reached skill level 4 in Air Magic
  5897 | D:7      | Reached XP level 9. HP: 34/54 MP: 16/16
  6011 | D:7      | Noticed Pikel
  6026 | D:7      | Killed Pikel
  6026 | D:7      | Reached **** piety under Okawaru
  6044 | D:7      | Reached skill level 5 in Air Magic
  6193 | D:7      | Found Liamae's Jewellery Shop.
  6206 | D:7      | Bought a +3 ring of evasion for 231 gold pieces
  6388 | D:7      | Found a staircase to the Ecumenical Temple.
  6398 | D:7      | Reached skill level 8 in Summonings
  6402 | D:7      | Reached skill level 1 in Invocations
  6410 | D:7      | Reached skill level 2 in Invocations
  6600 | D:7      | Found Gafudali's Armour Shop.
  6790 | D:8      | Noticed Psyche
  6791 | D:8      | Noticed Erica
  6795 | D:8      | Noticed Harold
  7056 | D:8      | Reached skill level 2 in Dodging
  7081 | D:9      | Reached skill level 3 in Invocations
  7166 | D:9      | Reached ***** piety under Okawaru
  7403 | D:9      | Found a staircase to the Orcish Mines.
  7565 | D:9      | Found a bloodstained altar of Trog.
  7640 | D:9      | HP: 12/55 [orc warrior/+0 trident (16)]
  7893 | D:8      | Noticed a two-headed ogre
  7916 | D:8      | Killed a two-headed ogre
  7916 | D:8      | Reached skill level 6 in Fighting
  7916 | D:8      | Reached skill level 3 in Dodging
  7916 | D:8      | Reached skill level 4 in Invocations
  7916 | D:8      | Reached XP level 10. HP: 16/60 MP: 6/17
  7984 | D:8      | Killed Erica
  7992 | D:8      | Reached skill level 9 in Summonings
  8140 | D:8      | Received a gift from Okawaru
  8318 | D:9      | Found a radiant altar of Vehumet.
  8333 | D:9      | Found an ancient bone altar of Kikubaaqudgha.
  8340 | D:9      | Identified Kikubaaqudgha's Disquisition on Black Rites
  8350 | D:9      | Found a deep blue altar of Sif Muna.
  8484 | D:8      | Noticed a two-headed ogre
  8500 | D:8      | Killed a two-headed ogre
  8500 | D:8      | Reached skill level 5 in Invocations
  8592 | D:8      | Found a burning altar of Makhleb.
  8770 | D:8      | Killed Psyche
  8770 | D:8      | Reached skill level 7 in Fighting
  8829 | D:8      | Reached skill level 4 in Dodging
  9241 | D:8      | Noticed a two-headed ogre
  9250 | D:8      | Killed a two-headed ogre
  9250 | D:8      | Reached ****** piety under Okawaru
  9340 | D:8      | Killed Harold
  9340 | D:8      | Reached XP level 11. HP: 52/68 MP: 19/19
  9450 | D:8      | Reached skill level 6 in Spellcasting
  9460 | D:8      | Reached skill level 8 in Fighting
  9537 | D:8      | Noticed a two-headed hydra
  9548 | D:8      | Killed a two-headed hydra
  9877 | D:9      | Reached skill level 5 in Dodging
 10032 | D:10     | Entered Level 10 of the Dungeon
 10032 | D:10     | Found a staircase to the Lair.
 10122 | D:10     | Noticed Snorg
 10129 | D:10     | Received a gift from Okawaru
 10230 | D:10     | Reached skill level 1 in Polearms
 10495 | D:10     | Found a deep blue altar of Sif Muna.
 10752 | D:10     | Killed Snorg
 10752 | D:10     | Reached skill level 10 in Summonings
 10957 | D:11     | Noticed a two-headed ogre
 10957 | D:11     | Noticed a brown ugly thing
 11174 | D:11     | Noticed Nergalle
 11181 | D:11     | Killed Nergalle
 11181 | D:11     | Reached skill level 2 in Polearms
 11227 | D:11     | Noticed a brown ugly thing
 11498 | D:10     | Killed a brown ugly thing
 11498 | D:10     | Reached skill level 6 in Invocations
 11818 | D:11     | Killed a brown ugly thing
 11953 | D:11     | Noticed an unseen horror
 11963 | D:11     | Killed an unseen horror
 12055 | D:11     | Found a bloodstained altar of Trog.
 12321 | Lair:1   | Entered Level 1 of the Lair of Beasts
 12467 | Lair:1   | Reached skill level 9 in Fighting
 12516 | Lair:1   | Received a gift from Okawaru
 12519 | Lair:1   | Reached skill level 7 in Spellcasting
 12519 | Lair:1   | Reached XP level 12. HP: 76/76 MP: 22/22
 12600 | Lair:1   | Reached skill level 3 in Polearms
 12962 | Lair:1   | Identified a scroll of acquirement
 12963 | Lair:1   | Found the +2 pair of boots of the Assassin {Detection Stab+
                  | Stlth++}
 13410 | Lair:2   | Reached skill level 6 in Air Magic
 13489 | Lair:2   | Reached skill level 7 in Invocations
 13503 | Lair:2   | HP: 18/76 [spiny frog (6)]
 13810 | Lair:2   | Reached skill level 4 in Polearms
 14071 | Lair:2   | Received a gift from Okawaru
 14313 | Lair:3   | Reached skill level 5 in Polearms
 14512 | Lair:3   | HP: 17/76 [wolf (8)]
 14959 | Lair:3   | Reached skill level 6 in Polearms
 15019 | Lair:3   | Found a staircase to the Snake Pit.
 15101 | Lair:3   | Noticed Prince Ribbit
 15113 | Lair:3   | Killed Prince Ribbit
 15113 | Lair:3   | Received a gift from Okawaru
 15462 | Lair:4   | Reached skill level 7 in Polearms
 15470 | Lair:4   | Noticed a catoblepas
 15482 | Lair:4   | HP: 13/76 [catoblepas (21)]
 15720 | Lair:4   | Killed a catoblepas
 15720 | Lair:4   | Received a gift from Okawaru
 16088 | D:7      | Bought the +0 mask of the Dragon {MR+ Slay+3 SInv} for 501
                  | gold pieces
 16088 | D:7      | Found the +0 mask of the Dragon {MR+ Slay+3 SInv}
 16288 | Lair:4   | Reached skill level 8 in Polearms
 16588 | Lair:4   | Upgraded the game from 0.23.0-28-g6fe0f4d to
                  | 0.23.0-33-g5e6c059
 16643 | Lair:4   | HP: 15/76 [acid (14)]
 16644 | Lair:4   | HP: 6/76 [oklob plant/splash of acid (9)]
 16644 | Lair:4   | Splashed by an oklob plant's acid

Skill      XL: |  1  2  3  4  5  6  7  8  9 10 11 12 |
---------------+-------------------------------------+-----
Summonings     | 4 5 7 8 9 10 | 10.5
Spellcasting   | 3 4 5 7 |  7.3
Fighting       | 1 2 3 4 5 6 7 9 |  9.4
Air Magic      | 1 4 5 6 |  6.0
Invocations    | 4 5 6 7 |  7.0
Dodging        | 3 4 5 |  5.0
Polearms       | 2 8 |  8.3
Stealth        | |  2.1

Action                   |  1- 3 |  4- 6 |  7- 9 | 10-12 || total
-------------------------+-------+-------+-------+-------++-------
Melee: Hand axe          |    72 |    66 |       |       ||   138
       Quarterstaff      |       |    43 |   269 |    93 ||   405
       Halberd           |       |       |       |   224 ||   224
       Glaive            |       |       |       |   267 ||   267
 Cast: Summon Small Mamm |    23 |       |     7 |     2 ||    32
       Call Canine Famil |     8 |    10 |    26 |    36 ||    80
       Call Imp          |     7 |    12 |    30 |    25 ||    74
       Summon Lightning  |       |       |    20 |    71 ||    91
Invok: Heroism           |       |       |     1 |       ||     1
  Use: Scroll            |       |       |    15 |    17 ||    32
       Potion            |       |       |     2 |       ||     2
 Stab: Sleeping          |     2 |     5 |     1 |     4 ||    12
       Distracted        |       |     1 |     4 |     8 ||    13
       Paralysed         |       |     1 |       |       ||     1
  Eat: Chunk             |     3 |     8 |    13 |    28 ||    52
       Ration            |       |       |     3 |     7 ||    10
Armor: Robe              |    39 |    44 |   140 |   256 ||   479
Dodge: Dodged            |    56 |    69 |   289 |   591 ||  1005

Levels and vault maps discovered:
D:1:      evilmike_arrival_rings, layout_loops_cross, corexii_corridor_pit
D:2:      layout_basic, nicolae_overflow_quartered_altars, old_standard_altar,
          nicolae_overflow_crystal_walls
D:3:      layout_basic, nemelex_xobeh_ov_fountains_minmay, first_ration,
          supply_closet_lemuel, uniq_crazy_yiuf_cottage
D:4:      layout_cave_pods, kennysheep_little_box, ebering_ghost_disaster_area,
          nicolae_xom_altar_mimics
D:5:      layout_cave_pods, lemuel_coloured_pillars_altar,
          minmay_manual_macuahuitl, uniq_duvessa
D:6:      layout_basic, marbit_many_paths, serial_shops, shop
D:7:      layout_basic, minmay_temple_entry_arrows, serial_shops,
          kennysheep_mini, nicolae_shop_waterfront, shop, nicolae_shop_stone,
          shop, elyvilon_altar_1, uniq_pikel
D:8:      layout_basic, basic_altar, corexii_hall_statues_i, kennysheep_doodads,
          kennysheep_diamond, hangedman_ranch [blue_anna_fruit_fields],
          uniq_erica, uniq_harold, uniq_psyche
D:9:      layout_loops_ring, palyth_temple_overflow_mages, lemuel_doored_altar,
          orc_0_dummy, special_room [special_room_bee], kennysheep_cross_room,
          nicolae_benzene_ring
D:10:     layout_rooms, lair_entry_dummy, minmay_misc_feat_rows, led_sif_book,
          uniq_snorg
D:11:     layout_roguey, basic_altar, uniq_nergalle
Lair:1:   layout_long_grid, grunt_megastairs_5, lemuel_fruit_tree,
          infiniplex_staircase_pool
Lair:2:   layout_concentric_octagons, chequers_serial_rivers_micro_a,
          guppyfry_lair_drakes
Lair:3:   layout_loops_ring, minmay_snake_entry_guardpost_medium,
          lemuel_fruit_fields, uniq_prince_ribbit2
Lair:4:   layout_hall_layers, elwin_shoals_entry_rooms, zaba_antful_of_joy,
          minmay_lair_oklob_chamber

Table legend:
 A = Turns spent in this place as a percentage of turns spent in the entire game.
 B = Non-inter-level travel turns spent in this place as a percentage of non-inter-level travel turns spent in the entire game.
 C = Inter-level travel turns spent in this place as a percentage of turns spent in this place.
 D = Turns resting spent in this place as a percentage of non-inter-level travel turns spent in this place.
 E = Turns spent auto-exploring this place as a percentage of non-inter-level travel turns spent in this place.
 F = Non-inter-level travel turns spent in this place divided by the number of levels of this place that you've seen.
                   A       B       C       D       E      F
               +-------+-------+-------+-------+-------+----------------------
         Total | 100.0 | 100.0 |   7.1 |  13.5 |  66.7 | 1031.2
       Dungeon |  75.0 |  75.1 |   6.9 |  11.6 |  68.4 | 1056.7
          Lair |  25.0 |  24.9 |   7.5 |  19.3 |  61.6 | 961.0
               +-------+-------+-------+-------+-------+----------------------

Table legend:
 A = Kills in this place as a percentage of kills in entire the game.
 B = Kills by you in this place as a percentage of kills by you in the entire game.
 C = Kills by friends in this place as a percentage of kills by friends in the entire game.
 D = Other kills in this place as a percentage of other kills in the entire game.
 E = Experience gained in this place as a percentage of experience gained in the entire game.
 F = Experience gained in this place divided by the number of levels of this place that you have seen.
                   A       B       C       D       E      F
               +-------+-------+-------+-------+-------+----------------------
         Total | 100.0 | 100.0 | 100.0 |   N/A | 100.0 | 2092.7
       Dungeon |  77.9 |  78.3 |  77.5 |   N/A |  55.0 | 1570.5
          Lair |  22.1 |  21.7 |  22.5 |   N/A |  45.0 | 3529.0
               +-------+-------+-------+-------+-------+----------------------
